 Dungeon Crawl Stone Soup version 0.19-a0-1210-g5c1aa26 (webtiles) character file.

1303 st0uf the Covered (level 8, -8/70 HPs)
             Began as a Minotaur Fighter on Aug 22, 2016.
             Killed by divine providence
             ... invoked by an orc priest
              (11 damage)
             ... on level 6 of the Dungeon.
             The game lasted 00:16:12 (5547 turns).

st0uf the Covered (Minotaur Fighter)                Turns: 5547, Time: 00:16:13

Health: -8/70      AC:  9    Str: 24    XL:     8   Next: 31%
Magic:  7/7        EV: 10    Int:  5    God:
Gold:   136        SH: 11    Dex:  9    Spells: 0 memorised, 7 levels left

rFire  . . .     SeeInvis .     a - +0 war axe
rCold  . . .     Gourm    .     b - +0 scale mail
rNeg   . . .     Faith    .     c - +0 shield
rPois  .         Spirit   .     (helmet restricted)
rElec  .         Dismiss  .     (no cloak)
rCorr  .         Reflect  .     (no gloves)
MR     .....     Harm     .     y - +0 pair of boots
Stlth  ..........               (no amulet)
                                (no ring)
                                (no ring)

@: no status effects
A: retaliatory headbutt, horns 2
a: no special abilities


You were on level 6 of the Dungeon.
You were not hungry.

You visited 2 branches of the dungeon, and saw 7 of its levels.

You collected 136 gold pieces.

Inventory:

Hand Weapons
 a - a +0 war axe (weapon)
Armour
 b - a +0 scale mail (worn)
 c - a +0 shield (worn)
 y - a +0 pair of boots (worn)
Jewellery
 g - an uncursed amulet of the gourmand {unknown}
Wands
 A - a wand of teleportation (0/9)
Scrolls
 i - 3 scrolls of teleportation {unknown}
 j - a scroll of magic mapping {unknown}
 k - a scroll of recharging {unknown}
 m - 2 scrolls of blinking {unknown}
 p - 2 scrolls of enchant weapon {unknown}
 q - 2 scrolls of amnesia {unknown}
 r - 4 scrolls of identify {unknown}
 u - a scroll of fog {unknown}
 w - 2 scrolls of enchant armour {unknown}
 B - 2 scrolls of remove curse {unknown}
Potions
 d - a potion of might
 e - 3 potions of curing {unknown}
 h - a potion of berserk rage {unknown}
 o - a potion of heal wounds {unknown}
 s - a potion of agility {unknown}
 t - a potion of haste {unknown}
 z - 4 potions of lignification {unknown}
 D - a potion of brilliance {unknown}
Comestibles
 f - 3 bread rations
 l - a royal jelly
 n - 3 meat rations
 v - 2 slices of pizza
 x - a beef jerky


   Skills:
 + Level 5.9 Fighting
 + Level 5.2 Axes
 + Level 7.3 Armour
 + Level 3.8 Dodging
 + Level 0.1 Stealth
 + Level 7.3 Shields


You had 7 spell levels left.
You didn't know any spells.

Dungeon Overview and Level Annotations

Branches:
Dungeon (6/15)             Temple (1/1) D:4

Altars:
Ashenzari
Cheibriados
Dithmenos
Elyvilon
Fedhas
Gozag
Hepliaklqana
Kikubaaqudgha
Makhleb
Nemelex Xobeh
Qazlal
Sif Muna
Trog
Uskayaw
Vehumet
Xom
Yredelemnul
Zin
The Shining One


Innate Abilities, Weirdness & Mutations

You reflexively headbutt those who attack you in melee.
You have a pair of horns on your head.


Message History

Something hits the bush.
You're too confused to move!
Something hits the bush!
The orc warrior barely misses you.
The orc priest shouts!
You barely miss the orc. You headbutt the orc!
You kill the orc!
You miss the orc warrior.
The orc priest invokes the aid of Beogh against you.
Beogh smites you!
* * * LOW HITPOINT WARNING * * *
The centaur wields a shortbow of flaming.
It bursts into flame!
The centaur shoots an arrow.
The arrow hits you but does no damage.
The orc warrior hits you with a scimitar!
* * * LOW HITPOINT WARNING * * *
You feel less confused.
The orc priest looks braver for a moment.
The orc priest calls down the wrath of Beogh upon you.
Beogh smites you!
You die...

#..#
#.###.......#
#..## #.#
##.......#
###.###.#
##.......
#..#..#
##......#.
#.....##........
#...........#..
#.....(.o.oc.PP
#......oo..PP.
#.....@o#.PPcP
#######().PPP.
#..#..PP
#......... .# ..
.....###.. ..##.
.###..# # ...#.
## ... .... ....
.... ..#..


You could see an orc warrior, a centaur, 2 orc priests, an orc wizard and an
orc.

Vanquished Creatures
  A water moccasin (D:6)
  An ice beast (D:5)
  A phantom (D:5)
  A sky beast (D:5)
  3 centaurs
  2 howler monkeys (D:4)
  2 crimson imps (D:5)
  A centaur skeleton (D:4)
  2 orc priests (D:6)
  3 hounds
  A jelly (D:5)
  An orc wizard (D:6)
  5 worker ants
  5 gnolls
  6 adders
  A howler monkey skeleton (D:5)
  A shadow imp (D:5)
  2 oozes
  2 worms
  A giant gecko (D:1)
  8 orcs
  A ball python (D:1)
  6 bats
  4 giant cockroaches
  8 goblins
  6 hobgoblins
  7 jackals (D:3)
  4 kobolds
  2 quokkas
  A giant gecko skeleton (D:5)
  6 giant newts
  A jackal skeleton (D:5)
  4 rats
100 creatures vanquished.

Vanquished Creatures (others)
  A bush (D:6)
1 creature vanquished.

Grand Total: 101 creatures vanquished

Notes
Turn   | Place    | Note
-------+----------+-------------------------------------------
     0 | D:1      | st0uf the Minotaur Fighter began the quest for the Orb.
     0 | D:1      | Reached XP level 1. HP: 19/19 MP: 0/0
    50 | D:1      | Reached XP level 2. HP: 27/27 MP: 1/1
   558 | D:2      | Reached XP level 3. HP: 33/33 MP: 2/2
  1028 | D:2      | Found a blossoming altar of Fedhas.
  1120 | D:2      | Found a glowing golden altar of the Shining One.
  1493 | D:3      | Reached XP level 4. HP: 39/41 MP: 3/3
  2412 | D:4      | Found a staircase to the Ecumenical Temple.
  2422 | Temple   | Entered the Ecumenical Temple
  2538 | D:4      | Reached skill level 1 in Dodging
  2676 | D:4      | Noticed a centaur
  2684 | D:4      | Killed a centaur
  2684 | D:4      | Reached skill level 5 in Armour
  2684 | D:4      | Reached skill level 5 in Shields
  2684 | D:4      | Reached XP level 5. HP: 29/47 MP: 4/4
  3071 | D:4      | Reached XP level 6. HP: 53/53 MP: 5/5
  3577 | D:5      | Entered Level 5 of the Dungeon
  3618 | D:5      | Reached skill level 5 in Fighting
  3618 | D:5      | Reached XP level 7. HP: 42/61 MP: 6/6
  4393 | D:5      | Found a hazy altar of Hepliaklqana.
  4393 | D:5      | Found a burning altar of Makhleb.
  4393 | D:5      | Found a shimmering altar of Xom.
  4398 | D:5      | Found an ancient bone altar of Kikubaaqudgha.
  4398 | D:5      | Found a radiant altar of Vehumet.
  4399 | D:5      | Found a shadowy altar of Dithmenos.
  4399 | D:5      | Found an opulent altar of Gozag.
  4400 | D:5      | Found a bloodstained altar of Trog.
  4767 | D:6      | Reached skill level 5 in Axes
  4767 | D:6      | Reached XP level 8. HP: 52/70 MP: 7/7
  5521 | D:6      | Found a blossoming altar of Fedhas.
  5546 | D:6      | HP: 3/70 [orc warrior/scimitar (16)]
  5547 | D:6      | Killed from afar by an orc priest

Vault maps used:
D:1:      ncdulo_wetmaze, minmay_pentomino_u2
D:2:      lemuel_coloured_pillars_altar, nicolae_overflow_crystal_walls
D:3:      first_bread
D:4:      wad_lake_hut
D:5:      grunt_temple_overflow_open
D:6:      lemuel_upstairs_altar, lemuel_round_altar,
          fedhas_bush_and_centaur_altar
Temple:   compressed_dpeg_triangle_lava_temple

Skill      XL: |  1  2  3  4  5  6  7 |
---------------+----------------------+-----
Fighting       | 4 5 |  5.9
Shields        | 4 5 7 |  7.3
Armour         | 4 5 6 7 |  7.3
Axes           | 3 4 5 |  5.2
Dodging        | 1 2 3 |  3.8
Stealth        | |  0.1

Action                   |  1- 3 |  4- 6 |  7- 9 || total
-------------------------+-------+-------+-------++-------
Melee: War axe           |    90 |   122 |   159 ||   371
       Headbutt          |    15 |    21 |    25 ||    61
Evoke: Wand              |       |       |     1 ||     1
  Eat: Chunk             |     1 |     7 |     7 ||    15
Armor: Scale mail        |    40 |    32 |    43 ||   115
Dodge: Dodged            |    30 |    34 |    51 ||   115
Block: Shield            |    55 |    58 |    79 ||   192
